 Dungeon Crawl Stone Soup version 0.25-a0-290-g4a1327ee3a (webtiles) character file.

Game seed: 10892662033516939439, levelgen mode: classic

385 Borgoz the Cutter (level 7, -2/44 HPs)
             Began as a Kobold Fighter on Dec 15, 2019.
             Slain by an orc
             ... wielding a cursed -3 club
              (5 damage)
             ... on level 4 of the Dungeon.
             The game lasted 00:05:38 (4525 turns).

Borgoz the Cutter (Kobold Fighter)                  Turns: 4525, Time: 00:05:38

Health: -2/44      AC:  5    Str: 15    XL:     7   Next: 6%
Magic:  7/7        EV: 15    Int: 12    God:
Gold:   109        SH:  0    Dex: 15    Spells: 6/6 levels left

rFire    . . .     SeeInvis .   a - +0 rapier
rCold    . . .     Gourm    .   (shield restricted)
rNeg     . . .     Faith    .   l - +0 ring mail
rPois    .         Spirit   .   (no helmet)
rElec    .         Reflect  .   (no cloak)
rCorr    .         Harm     .   (no gloves)
MR       .....                  (no boots)
Stlth    +.........             (no amulet)
HPRegen  0.14/turn              m - +3 ring of intelligence
MPRegen  0.10/turn              (no ring)

@: no status effects
A: small, carnivore
a: no special abilities


You were on level 4 of the Dungeon.
You were very full.

You visited 1 branch of the dungeon, and saw 5 of its levels.

You collected 109 gold pieces.

Inventory:

Hand Weapons
 a - a +0 rapier (weapon)
 c - a +0 dagger of protection
Armour
 l - a +0 ring mail (worn)
Jewellery
 b - an uncursed ring of ice
 h - a +4 ring of dexterity {unknown}
 m - a +3 ring of intelligence (left hand)
Scrolls
 e - a scroll of remove curse
 i - a scroll of blinking
Potions
 k - a potion of flight
Comestibles
 d - 3 chunks of flesh
 f - 15 rations


   Skills:
 + Level 4.9 Fighting
 + Level 5.2 Short Blades
 + Level 3.6 Armour
 + Level 3.6 Dodging
   Level 2.4 Shields


You had 6 spell levels left.
You didn't know any spells.
Your spell library was empty.

Dungeon Overview and Level Annotations

Branches:
Dungeon (5/15)
 Temple: D:4-7

Altars:
Cheibriados
Sif Muna
Uskayaw

Annotations:
D:2 1 runed translucent door, Crazy Yiuf


Innate Abilities, Weirdness & Mutations

You are small and have problems with some larger weapons.
You are carnivorous and can eat meat at any time.


Message History

The centaur hits you.
* * * LOW HITPOINT WARNING * * *
The orc barely misses you.
You barely miss the centaur.
The centaur is lightly wounded.
The centaur misses you. The centaur completely misses you.
You barely miss the orc. The orc hits you but does no damage.
The centaur barely misses you.
You barely miss the orc.
The centaur hits you but does no damage.
The orc hits you but does no damage.
Your ring mail prevents you from hitting the orc.
The centaur misses you. The orc hits you but does no damage.
The centaur hits you.
* * * LOW HITPOINT WARNING * * *
You closely miss the orc. The centaur hits you.
* * * LOW HITPOINT WARNING * * *
The orc cheers repeatedly.
The orc hits you with a cursed -3 club.
You die...

...#...).#..#............
.#........##...........
...........####..........
...........###..........
...........##.........#
............#........# ###
......(..............##..#
##.....#.......c..........
#.....#.......o@.....###
............>)).....#
.##......#........<.#
....#..#..........#
....##...##.#.........# ..
##...####........# #..
#.....#### . #. ##....# .
.. #...##


You could see a centaur and an orc.

Vanquished Creatures
  An ogre (D:3)
  A scorpion (D:4)
  An orc priest (D:3)
  A hound (D:5)
  Terence (D:3)
  A worker ant (D:4)
  4 adders
  3 oozes
  A worm (D:1)
  2 dart slugs
  2 leopard geckos
  8 orcs
  A ball python (D:3)
  13 giant cockroaches
  4 goblins
  6 hobgoblins
  9 jackals
  6 kobolds (D:1)
  A quokka (D:5)
  5 bats
  2 frilled lizards
  A jackal skeleton (D:4)
  6 rats
80 creatures vanquished.

Notes
Turn   | Place    | Note
-------+----------+-------------------------------------------
     0 | D:1      | Borgoz the Kobold Fighter began the quest for the Orb.
     0 | D:1      | Reached XP level 1. HP: 14/14 MP: 1/1
   275 | D:1      | Reached XP level 2. HP: 14/19 MP: 2/2
   277 | D:1      | Reached skill level 3 in Short Blades
   429 | D:1      | Reached skill level 1 in Dodging
   478 | D:1      | Reached XP level 3. HP: 16/24 MP: 3/3
  1441 | D:2      | Found a runed translucent door.
  1442 | D:2      | Noticed Crazy Yiuf
  1742 | D:2      | Reached XP level 4. HP: 29/29 MP: 4/4
  2543 | D:3      | HP: 1/29 [orc priest/divine providence (15)]
  2549 | D:3      | Reached skill level 4 in Short Blades
  2549 | D:3      | Reached XP level 5. HP: 21/33 MP: 5/5
  2884 | D:3      | Noticed an ogre
  2904 | D:3      | Killed an ogre
  2904 | D:3      | Reached XP level 6. HP: 28/39 MP: 6/6
  2988 | D:3      | Noticed a +0 hand axe
  2988 | D:3      | You fall into a shaft and drop 2 floors!
  2988 | D:5      | Entered Level 5 of the Dungeon
  3005 | D:5      | Found a snail-covered altar of Cheibriados.
  3053 | D:5      | Noticed a phantom
  3713 | D:3      | Noticed Terence
  3749 | D:3      | Killed Terence
  3838 | D:3      | Found a hide-covered altar of Uskayaw.
  3838 | D:3      | Noticed a +0 hand axe
  4037 | D:3      | Found a shimmering blue altar of Sif Muna.
  4390 | D:4      | Reached skill level 5 in Short Blades
  4399 | D:4      | Reached XP level 7. HP: 14/44 MP: 7/7
  4525 | D:4      | Slain by an orc

Levels and vault maps discovered:
D:1:      dpeg_arrival_brainrot, layout_basic, minmay_misc_feat_secret_circle,
          solitary_fountain
D:2:      minmay_roachtagon, layout_loops_corners, first_ration,
          uniq_crazy_yiuf_cottage
D:3:      layout_loops_ring, dancing_weapons_uskayaw, led_sif_pool, uniq_terence
D:4:      layout_cave_pools, zin_purify, cheibriados_altar_1,
          nicolae_ru_great_annihilating_truth
D:5:      layout_rooms, grunt_temple_overflow_growth_and_decay,
          minmay_temple_entry_wispy, basic_altar, uniq_sigmund, uniq_pikel

Skill      XL: |  1  2  3  4  5  6 |
---------------+-------------------+-----
Short Blades   | 3 4 5 |  5.2
Dodging        | 1 2 3 |  3.6
Fighting       | 4 |  4.9
Armour         | 3 |  3.6
Shields        | |  2.4

Action                   |  1- 3 |  4- 6 |  7- 9 || total
-------------------------+-------+-------+-------++-------
Melee: Dagger            |   165 |   411 |       ||   576
       Rapier            |    11 |    11 |    18 ||    40
  Use: Scroll            |     2 |     5 |       ||     7
       Potion            |     1 |     7 |       ||     8
  Eat: Chunk             |     8 |    12 |       ||    20
Armor: Scale mail        |    91 |       |       ||    91
       Ring mail         |     3 |   119 |     7 ||   129
Dodge: Dodged            |    97 |   315 |    27 ||   439

Table legend:
 A = Non-vault XP
 B = Vault XP
 C = Vault XP percentage of total XP
 D = Non-vault monster count
 E = Vault monster count
 F = Vault count percentage of total count
                 A         B        C        D         E       F
            +---------+---------+-------+---------+---------+-------
      Total |     490 |      61 |  11.1 |      68 |      12 |  15.0
            +---------+---------+-------+---------+---------+-------
        D:1 |      53 |       5 |   8.6 |      25 |       1 |   3.8
        D:2 |      43 |      20 |  31.7 |      13 |      10 |  43.5
        D:3 |     240 |      36 |  13.0 |      21 |       1 |   4.5
        D:4 |     109 |       0 |   0.0 |       7 |       0 |   0.0
        D:5 |      45 |       0 |   0.0 |       2 |       0 |   0.0
            +---------+---------+-------+---------+---------+-------
